 Dungeon Crawl Stone Soup version 0.31-a0-963-ga325b2283a (webtiles) character file.

Game seed: 13670462070493840484

233 Bnni the Chopper (level 6, -1/56 HPs)
             Began as a Hill Orc Monk on Oct 24, 2023.
             Was a High Priest of Ignis.
             Slain by a gnoll
             ... wielding a +0 flail
             ... led by a gnoll bouda
              (4 damage)
             ... on level 4 of the Dungeon.
             The game lasted 00:03:35 (3115 turns).

Bnni the Chopper (Hill Orc Monk)                    Turns: 3115, Time: 00:03:36

Health: -1/56      AC: 13    Str: 22    XL:     6   Next: 5%
Magic:  15/15      EV: 11    Int: 10    God:    Ignis [*****.]
Gold:   227        SH:  0    Dex: 13    Spells: 5/5 levels left

rFire   + . .        j - +1 dagger (venom)
rCold   . . .        d - orb {light}
rNeg    . . .        o - +0 ring mail
rPois   .            (no helmet)
rElec   .            (no cloak)
rCorr   .            p - +0 pair of gloves
SInv    .            (no boots)
Will    .....        (no amulet)
Stlth   +            n - ring of magical power
HPRegen 0.29/turn    s - +6 ring of strength
MPRegen 0.14/turn

%: no passive effects
@: fiery-armoured, glowing
A: no striking features
a: Renounce Religion, Fiery Armour, Foxfire Swarm, Rising Flame


You were on level 4 of the Dungeon.
You worshipped Ignis.
Ignis was extremely pleased with you.
You visited 1 branch of the dungeon, and saw 4 of its levels.

You collected 227 gold pieces.

Inventory:

Hand Weapons
 a - a +0 hand axe
 j - a +1 dagger of venom (weapon)
 w - a +0 spear of flaming
Missiles
 b - 10 poisoned darts
 e - 3 javelins
 k - a throwing net
 v - 4 boomerangs
Armour
 d - an orb of light (worn)
 o - a +0 ring mail (worn)
 p - a +0 pair of gloves (worn)
Jewellery
 n - a ring of magical power (left hand)
 s - a +6 ring of strength (right hand)
Wands
 u - a wand of flame (10)
Scrolls
 f - 4 scrolls of identify {unknown}
 g - a scroll of brand weapon {unknown}
 l - 2 scrolls of immolation {unknown}
 m - a scroll of revelation {unknown}
 r - a scroll of poison {unknown}
 t - a scroll of vulnerability {unknown}
Potions
 c - a potion of ambrosia
 h - a potion of brilliance {unknown}
 i - a potion of heal wounds {unknown}
 q - a potion of attraction {unknown}


   Skills:
 + Level 5.4 Fighting
 * Level 7.4 Axes
 - Level 2.4 Dodging


You had 5 spell levels left.
You didn't know any spells.
Your spell library contained the following spells:

 Spells                   Type           Power      Damage    Failure   Level
 Hailstorm                Conj/Ice       0%         3d3       88%         3
 Summon Ice Beast         Ice/Summ       0%         N/A       99%         4
 Simulacrum               Ice/Necr       0%         N/A       100%        6


Dungeon Overview and Level Annotations

Branches:
Dungeon (4/15)
 Temple: D:4-7

Altars:
Elyvilon
Qazlal
Ignis

Shops:
D:3 :


Message History

You hear the slow hiss of a very distant avalanche of sand.
A gnoll comes into view. It is wielding a +0 whip.
A gnoll comes into view. It is wielding a +0 flail.
The gnoll moves out of view.
Items here: ) [ ††.
A gnoll comes into view. It is wielding a +0 halberd.
The gnoll shouts!
Things that are here:
a +0 spear of flaming; a gnoll corpse Unknown command.
w - a +0 spear of flaming You are too injured to fight recklessly!
You are too injured to fight recklessly!
Unknown command.
The gnoll bouda barely misses you.
You hit the gnoll bouda but do no damage.
The gnoll bouda is poisoned.
The gnoll closely misses you.
The gnoll bouda hits you with a +0 club.
* * * LOW HITPOINT WARNING * * *
You are too injured to fight recklessly!
You barely miss the gnoll bouda.
The gnoll bouda is lightly wounded.
The gnoll hits you with a +0 flail.
* * * LOW HITPOINT WARNING * * *
The gnoll bouda closely misses you.
You are too injured to fight recklessly!
You hit the gnoll bouda.
The gnoll bouda looks as sick as possible!
The gnoll bouda is moderately wounded.
The gnoll closely misses you. The gnoll bouda closely misses you.
You are too injured to fight recklessly!
Unknown command.
Okay, then.
A protective cloak of flame settles atop you.
The gnoll hits you with a +0 whip.
* * * LOW HITPOINT WARNING * * *
The gnoll is burned by your cloak of flames.
The gnoll is moderately wounded.
The gnoll hits you with a +0 flail.
You die...

..#.###.# ##≈§§......
..#.##..###≈≈..........≈
.##.##.###≈§§...........
.#.....##§≈....≈≈≈≈§≈...
.#.....##≈...)§......≈..
....##..#≈....≈......≈..
#######.'.....≈......≈..
#...'.....§ggg...§..
#.....###≈....≈.@.§.§≈§.
#.#### #≈....≈†.§§§.≈g.
^.### #≈≈...)≈≈§§§≈...
#...# ##≈§§....§......
#...# ##§§§§........≈
#...# ##≈§§!.....§≈§
....# ##§§......≈§#
.<..# ##≈≈§≈≈≈≈§## ...##
##########


You could see a gnoll bouda (extremely poisoned) and 3 gnolls.

Vanquished Creatures
  Blork the orc (D:4)
  Jessica (D:2)
  Ijyb (D:3)
  2 gnolls (D:4)
  2 adders
  A worm (D:2)
  2 dart slugs
  An orc (D:4)
  9 ball pythons
  3 bats
  4 endoplasms
  2 giant cockroaches
  8 hobgoblins
  5 quokkas
  2 frilled lizards
  7 goblins
  8 kobolds
  4 rats
63 creatures vanquished.

Vanquished Creatures (others)
  A goblin (D:4)
  21 foxfires (D:4)
22 creatures vanquished.

Grand Total: 85 creatures vanquished

Notes
Turn   | Place    | Note
-------+----------+-------------------------------------------
     0 | D:1      | Bnni the Hill Orc Monk began the quest for the Orb.
     0 | D:1      | Reached XP level 1. HP: 19/19 MP: 1/1
     2 | D:1      | Noticed a demonspawn
     2 | D:1      | Noticed an elf
     4 | D:1      | Noticed a human
     4 | D:1      | Noticed a meteoran
     6 | D:1      | Noticed a demigod
     6 | D:1      | Noticed a vampire
     8 | D:1      | Noticed an armataur
     8 | D:1      | Noticed a gargoyle
    10 | D:1      | Noticed a draconian
    10 | D:1      | Noticed a ghoul
    12 | D:1      | Noticed an ogre
    14 | D:1      | Noticed an octopode
    14 | D:1      | Noticed a minotaur
    16 | D:1      | Noticed a felid
    16 | D:1      | Noticed a merfolk
    18 | D:1      | Noticed a naga
    20 | D:1      | Noticed a vine stalker
    20 | D:1      | Noticed a formicid
    22 | D:1      | Noticed a spriggan
    24 | D:1      | Noticed a troll
    24 | D:1      | Noticed a vine stalker
    26 | D:1      | Noticed a vampire
    26 | D:1      | Noticed a demonspawn
   220 | D:1      | Reached XP level 2. HP: 27/27 MP: 2/2
   840 | D:1      | Reached skill level 5 in Axes
   878 | D:1      | Reached XP level 3. HP: 31/33 MP: 3/3
  1067 | D:2      | Noticed Jessica
  1074 | D:2      | Killed Jessica
  1075 | D:2      | Reached XP level 4. HP: 34/41 MP: 4/4
  1252 | D:2      | Found a faded altar of an unknown god.
  1283 | D:2      | Prayed at the altar of an unknown god.
  1283 | D:2      | Became a worshipper of Ignis, the Dying Flame
  1283 | D:2      | Reached ****** piety under Ignis
  1296 | D:2      | Reached skill level 6 in Axes
  1521 | D:2      | Found a stormy altar of Qazlal.
  1853 | D:3      | Found Fuaplit's Book Shop.
  1983 | D:3      | Noticed Ijyb
  1992 | D:3      | Killed Ijyb
  1993 | D:3      | Reached XP level 5. HP: 41/47 MP: 5/5
  3004 | D:4      | Found a white marble altar of Elyvilon.
  3085 | D:4      | Noticed Blork the orc
  3090 | D:4      | Reached skill level 5 in Fighting
  3104 | D:4      | Killed Blork the orc
  3105 | D:4      | Reached skill level 7 in Axes
  3105 | D:4      | Reached XP level 6. HP: 10/56 MP: 6/6
  3115 | D:4      | Slain by a gnoll

Illustrated notes

Levels and vault maps discovered:
D:1:      kb_arrival_jail, layout_loops_ring, serial_bayou_pond_d,
          minmay_shallow_snake_nest
D:2:      layout_basic, basic_altar, hellmonk_ecumenical_altar_arch_garden,
          uniq_jessica
D:3:      layout_basic, serial_shops, nicolae_shop_real_fake_doors, uniq_ijyb
D:4:      layout_rooms, lemuel_crystal_altar,
          mainiacjoe_overflow_catch_the_wave, nicolae_overflow_hidden_temple,
          enter_ossuary_1, serial_shops, shop, kennysheep_big_empty_room,
          abandoned_shop, hangedman_abyss_or_decor_jellyfish_corner,
          guppyfry_early_orc_mine, uniq_blork_the_orc

Skill      XL: |  1  2  3  4  5 |
---------------+----------------+-----
Fighting       | 4 5 |  5.4
Axes           | 5 6 7 |  7.4
Dodging        | |  2.4

Action                     |  1- 3 |  4- 6 || total
---------------------------+-------+-------++-------
  Melee: Hand axe          |    13 |       ||    13
         Dagger            |    60 |   117 ||   177
 Invoke: Foxfire Swarm     |       |     1 ||     1
         Fiery Armour      |       |     1 ||     1
 Armour: Robe              |    12 |       ||    12
         Ring mail         |    27 |    81 ||   108
  Dodge: Dodged            |    49 |    72 ||   121

Table legend: (Time is in decaauts)
 A = Elapsed time spent in this place.
 B = Non-inter-level travel time spent in this place.
 C = Inter-level travel time spent in this place.
 D = Time resting spent in this place.
 E = Time spent auto-exploring this place.
 F = Levels seen in this place.
 G = Mean time per level.
                   A        B        C        D        E       F      G
               +--------+--------+--------+--------+--------+-----+--------+
         Total |   3114 |   2795 |    319 |      0 |   2352 |   4 |  778.5 |
       Dungeon |   3114 |   2795 |    319 |      0 |   2352 |   4 |  778.5 |
               +--------+--------+--------+--------+--------+-----+--------+

Top non-repeatable levels by time:
     D:3: 1307 daAuts
     D:1: 981 daAuts
     D:2: 665 daAuts
     D:4: 159 daAuts
